NYP
HUDSON VALLEY RENEGADES @ CONNECTICUT TIGERS
07/22/2048
 
TOP OF THE 1ST
Hudson Valley Renegades batting - Pitching for Connecticut Tigers : RHP Alan Grossfeld
Pitching: RHP Alan Grossfeld
Batting: LHB Dan Hunt 0-0: Called Strike
0-1: Ball
1-1: Foul Ball, location: 2F
1-2: Ball
2-2: Ground out 5-3 (Groundball, 5, EV 85.0 MPH)
Batting: SHB Josif Popovski 0-0: Ground out 6-3 (Groundball, 6, EV 83.1 MPH)
Batting: LHB Jonathan Spino 0-0: Ball
1-0: Ball
2-0: Ball
3-0: Base on Balls
Batting: LHB Rocky Crowley 0-0: Called Strike
Jonathan Spino steals 2nd base (no throw)
0-1: Swinging Strike
0-2: Ball
1-2: Ball
2-2: Strikes out swinging
Top of the 1st over - 0 runs, 0 hits, 0 errors, 1 left on base; Hudson Valley 0 - Connecticut 0
BOTTOM OF THE 1ST
Connecticut Tigers batting - Pitching for Hudson Valley Renegades : LHP Julian Roe
Pitching: LHP Julian Roe
Batting: RHB Janne Vihko 0-0: Ball
1-0: Called Strike
1-1: Foul Ball, location: 2F
1-2: Strikes out looking
Batting: LHB Antonio Luis 0-0: Called Strike
0-1: Ball
1-1: Called Strike
1-2: Ball
2-2: Foul Ball, location: 2F
2-2: Strikes out looking
Batting: RHB Jaden Warrior 0-0: Ball
1-0: Ball
2-0: Foul Ball, location: 2F
2-1: Foul Ball, location: 2F
2-2: Ball
3-2: SOLO HOME RUN (Flyball, 7D, EV 103.1 MPH), Distance : 384 ft
Batting: RHB Yankel Pensak 0-0: Called Strike
0-1: Foul Ball, location: 2F
0-2: Foul Ball, location: 2F
0-2: Ground out 5-3 (Groundball, 56, EV 81.9 MPH)
Bottom of the 1st over - 1 run, 1 hit, 0 errors, 0 left on base; Hudson Valley 0 - Connecticut 1
TOP OF THE 2ND
Hudson Valley Renegades batting - Pitching for Connecticut Tigers : RHP Alan Grossfeld
Batting: RHB Jon Gonzales 0-0: Ball
1-0: Called Strike
1-1: Ball
2-1: Foul Ball, location: 2F
2-2: Foul Ball, location: 2F
2-2: Ground out U3 (Groundball, 34S, EV 86.9 MPH)
Batting: SHB Joshua Jackson 0-0: Fly out, F7 (Line Drive, 78M, EV 87.5 MPH)
Batting: RHB Alex Koral 0-0: Ball
1-0: Ball
2-0: Called Strike
2-1: Called Strike
2-2: Foul Ball, location: 2F
2-2: Ball
3-2: Fly out, F9 (Flyball, 9LMF, EV 105.0 MPH)
Top of the 2nd over - 0 runs, 0 hits, 0 errors, 0 left on base; Hudson Valley 0 - Connecticut 1
BOTTOM OF THE 2ND
Connecticut Tigers batting - Pitching for Hudson Valley Renegades : LHP Julian Roe
Batting: LHB Afanasy Zasekin 0-0: Ground out 4-3 (Groundball, 34D, EV 104.4 MPH)
Batting: RHB Jeremiah Washington 0-0: Ball
1-0: Ground out 4-3 (Groundball, 4, EV 106.2 MPH)
Batting: RHB Jordan Hall 0-0: Called Strike
0-1: SINGLE (Groundball, 6MD, EV 111.9 MPH)
Batting: RHB Jonathan Ridgely 0-0: Called Strike
0-1: Foul Ball, location: 2F
0-2: Foul Ball, location: 2F
0-2: Ground out 5-3 (Groundball, 25, EV 81.9 MPH)
Bottom of the 2nd over - 0 runs, 1 hit, 0 errors, 1 left on base; Hudson Valley 0 - Connecticut 1
TOP OF THE 3RD
Hudson Valley Renegades batting - Pitching for Connecticut Tigers : RHP Alan Grossfeld
Batting: LHB Helmut Steggall 0-0: Ball
1-0: Called Strike
1-1: DOUBLE (Groundball, 5L, EV 106.2 MPH)
Batting: RHB Jesus Carrillo 0-0: Ground out 6-3 (Groundball, 6, EV 86.9 MPH)
Batting: LHB Dan Hunt 0-0: Ball
1-0: Ball
2-0: Called Strike
2-1: Ground out U3 (Groundball, 3, EV 76.9 MPH)
Helmut Steggall to third
Batting: SHB Josif Popovski 0-0: Ball
Wild Pitch!
Helmut Steggall scores
1-0: Ball
2-0: Called Strike
2-1: Ground out 6-3 (Groundball, 6, EV 90.6 MPH)
Top of the 3rd over - 1 run, 1 hit, 0 errors, 0 left on base; Hudson Valley 1 - Connecticut 1
BOTTOM OF THE 3RD
Connecticut Tigers batting - Pitching for Hudson Valley Renegades : LHP Julian Roe
Batting: SHB Ian Arlotta 0-0: Called Strike
0-1: Foul Ball, location: 2F
0-2: Ball
1-2: Foul Ball, location: 2F
1-2: Foul Ball, location: 2F
1-2: Foul Ball, location: 2F
1-2: Ground out 6-3 (Groundball, 6M, EV 110.0 MPH)
Batting: RHB Janne Vihko 0-0: Ground out 6-3 (Groundball, 6, EV 87.5 MPH)
Batting: LHB Antonio Luis 0-0: Ball
1-0: Ball
2-0: Called Strike
2-1: Fly out, F6 (Popup, 6MS, EV 85.0 MPH)
Bottom of the 3rd over - 0 runs, 0 hits, 0 errors, 0 left on base; Hudson Valley 1 - Connecticut 1
TOP OF THE 4TH
Hudson Valley Renegades batting - Pitching for Connecticut Tigers : RHP Alan Grossfeld
Batting: LHB Jonathan Spino 0-0: Called Strike
0-1: Ball
1-1: Foul Ball, location: 2F
1-2: Foul Ball, location: 2F
1-2: Strikes out looking
Batting: LHB Rocky Crowley 0-0: Called Strike
0-1: Ball
1-1: Swinging Strike
1-2: Ball
2-2: Strikes out swinging
Batting: RHB Jon Gonzales 0-0: Called Strike
0-1: Ground out 5-3 (Groundball, 56, EV 100.6 MPH)
Top of the 4th over - 0 runs, 0 hits, 0 errors, 0 left on base; Hudson Valley 1 - Connecticut 1
BOTTOM OF THE 4TH
Connecticut Tigers batting - Pitching for Hudson Valley Renegades : LHP Julian Roe
Batting: RHB Jaden Warrior 0-0: Ball
1-0: Foul Ball, location: 2F
1-1: Foul Ball, location: 2F
1-2: Fly out, F9 (Flyball, 9, EV 88.8 MPH)
Batting: RHB Yankel Pensak 0-0: Ball
1-0: Ground out 5-3 (Groundball, 5S, EV 66.9 MPH)
Batting: LHB Afanasy Zasekin 0-0: Called Strike
0-1: Called Strike
0-2: Strikes out looking
Bottom of the 4th over - 0 runs, 0 hits, 0 errors, 0 left on base; Hudson Valley 1 - Connecticut 1
TOP OF THE 5TH
Hudson Valley Renegades batting - Pitching for Connecticut Tigers : RHP Alan Grossfeld
Batting: SHB Joshua Jackson 0-0: Called Strike
0-1: Swinging Strike
0-2: Ball
1-2: Foul Ball, location: 2F
1-2: Ball
2-2: Ground out 5-3 (Groundball, 56, EV 102.5 MPH)
Batting: RHB Alex Koral 0-0: Ball
1-0: Foul Ball, location: 2F
1-1: Ball
2-1: Ball
3-1: Base on Balls
Batting: LHB Helmut Steggall 0-0: Ball
1-0: Foul Ball, location: 2F
1-1: Ball
2-1: SINGLE (Groundball, 4D, EV 102.5 MPH)
Alex Koral to second
Runner from 2nd tries for 3rd, SAFE, throw by RF made to third
Helmut Steggall to second
Batting: RHB Jesus Carrillo 0-0: Foul Ball, location: 2F
0-1: Ball
1-1: Ball
2-1: Ball
3-1: Base on Balls
Batting: LHB Dan Hunt 0-0: Ball
1-0: Fielders Choice at 2nd, 4-6 (Groundball, 4, EV 83.8 MPH)
Alex Koral scores
Helmut Steggall to third
Batting: SHB Josif Popovski 0-0: Ball
1-0: Ball
2-0: Swinging Strike
2-1: Ball
3-1: SINGLE (Line Drive, 56, EV 98.8 MPH)
Helmut Steggall scores
Dan Hunt to second
Runner from 2nd tries for 3rd, SAFE, throw by LF made to third
Batting: LHB Jonathan Spino 0-0: Ball
1-0: SINGLE (Groundball, 6D, EV 100.0 MPH)
Dan Hunt scores
Josif Popovski to second
Batting: LHB Rocky Crowley 0-0: Ball
1-0: Foul Ball, location: 2F
1-1: Swinging Strike
1-2: Fly out, F8 (Line Drive, 8LD, EV 94.4 MPH)
Top of the 5th over - 3 runs, 3 hits, 0 errors, 2 left on base; Hudson Valley 4 - Connecticut 1
BOTTOM OF THE 5TH
Connecticut Tigers batting - Pitching for Hudson Valley Renegades : LHP Julian Roe
Now at 3B: Josif Popovski
Now at SS: Mark Richert
Batting: RHB Jeremiah Washington 0-0: Ground out 6-3 (Groundball, 56, EV 106.9 MPH)
Batting: RHB Jordan Hall 0-0: Ball
1-0: Ball
2-0: Ball
3-0: Called Strike
3-1: Base on Balls
Batting: RHB Jonathan Ridgely 0-0: Ball
1-0: Foul Ball, location: 2F
1-1: Ball
2-1: Ball
3-1: Base on Balls
Jordan Hall to second
Batting: SHB Ian Arlotta 0-0: Ball
1-0: Called Strike
1-1: Ball
2-1: Reached on error, E6 (Groundball, 6, EV 104.4 MPH)
Jordan Hall to third
Jonathan Ridgely to second
Batting: RHB Janne Vihko 0-0: SINGLE (Flyball, 7S, EV 88.1 MPH)
Jordan Hall scores
Jonathan Ridgely to third
Ian Arlotta to second
Batting: LHB Antonio Luis 0-0: Fly out, F6 (Flyball, 4D, EV 85.0 MPH)
Batting: RHB Jaden Warrior 0-0: Ball
1-0: Swinging Strike
1-1: Foul Ball, location: 2F
1-2: Ball
2-2: SINGLE (Line Drive, 78S, EV 95.0 MPH)
Jonathan Ridgely scores
Ian Arlotta to third
Janne Vihko to second
Runner from 3rd tries for Home, SAFE, throw by LF to home
Batting: RHB Yankel Pensak 0-0: Ball
1-0: Swinging Strike
1-1: Ball
2-1: Foul Ball, location: 2F
2-2: Strikes out looking
Bottom of the 5th over - 3 runs, 2 hits, 1 error, 2 left on base; Hudson Valley 4 - Connecticut 4
TOP OF THE 6TH
Hudson Valley Renegades batting - Pitching for Connecticut Tigers : RHP Alan Grossfeld
Batting: RHB Jon Gonzales 0-0: Ball
1-0: Ball
2-0: Ground out 6-3 (Groundball, 6, EV 80.0 MPH)
Batting: SHB Joshua Jackson 0-0: Ball
1-0: Ball
2-0: Called Strike
2-1: Called Strike
2-2: Strikes out swinging
Batting: RHB Alex Koral 0-0: Ball
1-0: Foul Ball, location: 2F
1-1: Swinging Strike
1-2: Ball
2-2: Ground out 1-3 (Groundball, P, EV 70.6 MPH)
Top of the 6th over - 0 runs, 0 hits, 0 errors, 0 left on base; Hudson Valley 4 - Connecticut 4
BOTTOM OF THE 6TH
Connecticut Tigers batting - Pitching for Hudson Valley Renegades : LHP Julian Roe
Batting: LHB Afanasy Zasekin 0-0: Foul Ball, location: 2F
0-1: Foul Ball, location: 2F
0-2: Strikes out swinging
Batting: RHB Jeremiah Washington 0-0: Ball
1-0: Called Strike
1-1: SINGLE (Groundball, 6D, EV 96.2 MPH)
Pitching: RHP Ryan Kurilla
Batting: RHB Jordan Hall Pickoff Throw to First - Error! E1
Jeremiah Washington to second
0-0: Ball
1-0: Called Strike
1-1: Fly out, F3 (Line Drive, 34, EV 103.1 MPH)
Batting: RHB Jonathan Ridgely 0-0: Called Strike
0-1: Called Strike
0-2: Ball
1-2: Ball
2-2: Foul Ball, location: 2F
2-2: Strikes out looking
Bottom of the 6th over - 0 runs, 1 hit, 1 error, 1 left on base; Hudson Valley 4 - Connecticut 4
TOP OF THE 7TH
Hudson Valley Renegades batting - Pitching for Connecticut Tigers : RHP Alan Grossfeld
Batting: LHB Helmut Steggall 0-0: Called Strike
0-1: Swinging Strike
0-2: Strikes out swinging
Batting: RHB Mark Richert 0-0: Foul Ball, location: 2F
0-1: Called Strike
0-2: Foul Ball, location: 2F
0-2: Ball
1-2: Ball
2-2: Strikes out looking
Batting: LHB Dan Hunt 0-0: Ball
1-0: SINGLE (Line Drive, 89S, EV 98.8 MPH)
Pitching: RHP Larry Mathieu
Batting: SHB Josif Popovski 0-0: Called Strike
Dan Hunt is caught stealing 2nd base 2-6
Top of the 7th over - 0 runs, 1 hit, 0 errors, 0 left on base; Hudson Valley 4 - Connecticut 4
BOTTOM OF THE 7TH
Connecticut Tigers batting - Pitching for Hudson Valley Renegades : RHP Ryan Kurilla
Batting: SHB Ian Arlotta 0-0: Called Strike
0-1: Fly out, F4 (Popup, 4M, EV 56.9 MPH)
Pitching: RHP Alex Aguilar
Batting: RHB Janne Vihko 0-0: Called Strike
0-1: Ball
1-1: Foul Ball, location: 2F
1-2: Foul Ball, location: 2F
1-2: Ball
2-2: Ball
3-2: Strikes out looking
Batting: LHB Antonio Luis 0-0: Ball
1-0: Ground out 6-3 (Groundball, 4, EV 101.9 MPH)
Bottom of the 7th over - 0 runs, 0 hits, 0 errors, 0 left on base; Hudson Valley 4 - Connecticut 4
TOP OF THE 8TH
Hudson Valley Renegades batting - Pitching for Connecticut Tigers : RHP Larry Mathieu
Pitching: LHP Victor Villarreal
Batting: SHB Josif Popovski 0-0: Ball
1-0: Foul Ball, location: 2F
1-1: Foul Ball, location: 2F
1-2: Ball
2-2: Foul Ball, location: 2F
2-2: Foul Ball, location: 2F
2-2: Fly out, F8 (Flyball, 89D, EV 93.8 MPH)
Pinch Hitting: RHB Joe Hartigan 0-0: Ball
1-0: Ball
2-0: Called Strike
2-1: Ground out 5-3 (Groundball, 56S, EV 86.9 MPH)
Pinch Hitting: SHB Chris Lockart 0-0: Called Strike
0-1: Ball
1-1: Swinging Strike
1-2: Strikes out swinging
Top of the 8th over - 0 runs, 0 hits, 0 errors, 0 left on base; Hudson Valley 4 - Connecticut 4
BOTTOM OF THE 8TH
Connecticut Tigers batting - Pitching for Hudson Valley Renegades : RHP Alex Aguilar
Now in LF: Joe Hartigan
Now in RF: Chris Lockart
Batting: RHB Jaden Warrior 0-0: Ball
1-0: Swinging Strike
1-1: Ball
2-1: Foul Ball, location: 2F
2-2: Strikes out swinging
Batting: RHB Yankel Pensak 0-0: Called Strike
0-1: Foul Ball, location: 2F
0-2: Ball
1-2: Ball
2-2: Strikes out swinging
Batting: LHB Afanasy Zasekin 0-0: Foul Ball, location: 2F
0-1: Ball
1-1: Ball
2-1: Foul Ball, location: 2F
2-2: Strikes out swinging
Bottom of the 8th over - 0 runs, 0 hits, 0 errors, 0 left on base; Hudson Valley 4 - Connecticut 4
TOP OF THE 9TH
Hudson Valley Renegades batting - Pitching for Connecticut Tigers : LHP Victor Villarreal
Batting: RHB Jon Gonzales 0-0: Ball
1-0: Ground out 5-3 (Groundball, 5S, EV 77.5 MPH)
Batting: SHB Joshua Jackson 0-0: Called Strike
0-1: Foul Ball, location: 2F
0-2: Strikes out swinging
Batting: RHB Alex Koral 0-0: Ball
1-0: Foul Ball, location: 2F
1-1: Foul Ball, location: 2F
1-2: Strikes out looking
Top of the 9th over - 0 runs, 0 hits, 0 errors, 0 left on base; Hudson Valley 4 - Connecticut 4
BOTTOM OF THE 9TH
Connecticut Tigers batting - Pitching for Hudson Valley Renegades : RHP Alex Aguilar
Pitching: LHP Matt Bayer
Batting: RHB Jeremiah Washington 0-0: Called Strike
0-1: Swinging Strike
0-2: Foul Ball, location: 2F
0-2: Ball
1-2: Fly out, F9 (Flyball, 9D, EV 75.0 MPH)
Batting: RHB Jordan Hall 0-0: Called Strike
0-1: Foul Ball, location: 2F
0-2: Ball
1-2: Foul Ball, location: 2F
1-2: SINGLE (Line Drive, 4M, EV 94.4 MPH)
Batting: RHB Jonathan Ridgely 0-0: Called Strike
0-1: Ball
1-1: Swinging Strike
1-2: Foul Ball, location: 2F
1-2: Strikes out swinging
Pinch Hitting: RHB Zack DiCicco 0-0: Swinging Strike
0-1: Swinging Strike
0-2: Ball
1-2: Hit by Pitch
Jordan Hall to second
Batting: RHB Janne Vihko 0-0: Ball
1-0: Called Strike
1-1: Ball
2-1: Called Strike
2-2: Strikes out swinging
Bottom of the 9th over - 0 runs, 1 hit, 0 errors, 2 left on base; Hudson Valley 4 - Connecticut 4
TOP OF THE 10TH
Hudson Valley Renegades batting - Pitching for Connecticut Tigers : LHP Victor Villarreal
Now at SS: Ryohei Nakano
Batting: LHB Helmut Steggall 0-0: Called Strike
0-1: Foul Ball, location: 2F
0-2: Ball
1-2: Ball
2-2: Ball
3-2: Ground out 6-3 (Groundball, 6, EV 80.0 MPH)
Batting: RHB Mark Richert 0-0: Foul Ball, location: 2F
0-1: Ground out 6-3 (Groundball, 6, EV 78.8 MPH)
Pinch Hitting: RHB Evan Chalarian 0-0: Called Strike
0-1: Ball
1-1: Ball
2-1: Fly out, F8 (Flyball, 8RM, EV 83.8 MPH)
Top of the 10th over - 0 runs, 0 hits, 0 errors, 0 left on base; Hudson Valley 4 - Connecticut 4
BOTTOM OF THE 10TH
Connecticut Tigers batting - Pitching for Hudson Valley Renegades : LHP Matt Bayer
Now in CF: Alex Genao
Pinch Hitting: RHB Khalil Coleman 0-0: Ball
1-0: Called Strike
1-1: Foul Ball, location: 2F
1-2: Foul Ball, location: 2F
1-2: Ball
2-2: Ground out U3 (Groundball, 34S, EV 78.1 MPH)
Batting: RHB Jaden Warrior 0-0: Called Strike
0-1: Foul Ball, location: 2F
0-2: Ball
1-2: Ball
2-2: Ball
3-2: Base on Balls
Batting: RHB Yankel Pensak 0-0: Called Strike
0-1: Fly out, F7 (Line Drive, 7, EV 88.1 MPH)
Batting: LHB Afanasy Zasekin 0-0: Called Strike
0-1: Ball
1-1: Called Strike
1-2: Strikes out swinging
Bottom of the 10th over - 0 runs, 0 hits, 0 errors, 1 left on base; Hudson Valley 4 - Connecticut 4
TOP OF THE 11TH
Hudson Valley Renegades batting - Pitching for Connecticut Tigers : LHP Victor Villarreal
Pitching: RHP Juan Murillo
Now in LF: Kaleb Yerger
Batting: SHB Josif Popovski 0-0: SINGLE (Groundball, 56D, EV 102.5 MPH)
Batting: RHB Joe Hartigan 0-0: Called Strike
Josif Popovski steals 2nd base
0-1: Fly out, F4 (Line Drive, 4, EV 66.2 MPH)
Batting: SHB Chris Lockart 0-0: Ball
1-0: Swinging Strike
1-1: Called Strike
1-2: Ball
2-2: Strikes out looking
Batting: RHB Jon Gonzales 0-0: Ball
1-0: Ball
2-0: Called Strike
2-1: Called Strike
2-2: Foul Ball, location: 2F
2-2: Strikes out swinging
Top of the 11th over - 0 runs, 1 hit, 0 errors, 1 left on base; Hudson Valley 4 - Connecticut 4
BOTTOM OF THE 11TH
Connecticut Tigers batting - Pitching for Hudson Valley Renegades : LHP Matt Bayer
Pitching: RHP Joe Green
Batting: RHB Jeremiah Washington 0-0: Called Strike
0-1: Ball
1-1: Swinging Strike
1-2: Ball
2-2: Strikes out swinging
Batting: RHB Jordan Hall 0-0: Ball
1-0: Called Strike
1-1: Fly out, F9 (Flyball, 9LS, EV 94.4 MPH)
Batting: RHB Jonathan Ridgely 0-0: Called Strike
0-1: Ball
1-1: Ball
2-1: Called Strike
2-2: Foul Ball, location: 2F
2-2: Foul Ball, location: 2F
2-2: Strikes out swinging
Bottom of the 11th over - 0 runs, 0 hits, 0 errors, 0 left on base; Hudson Valley 4 - Connecticut 4
TOP OF THE 12TH
Hudson Valley Renegades batting - Pitching for Connecticut Tigers : RHP Juan Murillo
Batting: SHB Joshua Jackson 0-0: Called Strike
0-1: Swinging Strike
0-2: Foul Ball, location: 2F
0-2: Ball
1-2: Foul Ball, location: 2F
1-2: Fly out, F8 (Flyball, 8LD, EV 104.4 MPH)
Batting: RHB Alex Koral 0-0: Called Strike
0-1: Foul Ball, location: 2F
0-2: Foul Ball, location: 2F
0-2: Ball
1-2: Ball
2-2: Foul Ball, location: 2F
2-2: Foul Ball, location: 2F
2-2: Foul Ball, location: 2F
2-2: Ball
3-2: Fly out, F7 (Flyball, 78D, EV 98.1 MPH)
Batting: LHB Helmut Steggall 0-0: Called Strike
0-1: Ball
1-1: Ball
2-1: Foul Ball, location: 2F
2-2: Foul Ball, location: 2F
2-2: Ball
3-2: Fly out, F8 (Flyball, 8LD, EV 100.0 MPH)
Top of the 12th over - 0 runs, 0 hits, 0 errors, 0 left on base; Hudson Valley 4 - Connecticut 4
BOTTOM OF THE 12TH
Connecticut Tigers batting - Pitching for Hudson Valley Renegades : RHP Joe Green
Batting: SHB Ryohei Nakano 0-0: Ball
1-0: Ball
2-0: Ball
3-0: Called Strike
3-1: Foul Ball, location: 2F
3-2: Foul Ball, location: 2F
3-2: Foul Ball, location: 2F
3-2: Base on Balls
Batting: RHB Janne Vihko 0-0: Ball
1-0: Ball
2-0: Called Strike
2-1: Ball
3-1: Called Strike
3-2: Strikes out swinging
Pitching: RHP David Hearn
Batting: RHB Kaleb Yerger 0-0: Swinging Strike
0-1: SINGLE (Flyball, 9LS, EV 93.8 MPH)
Ryohei Nakano to second
Runner from 2nd tries for 3rd, SAFE, throw by RF made to third
Batting: RHB Jaden Warrior 0-0: Ball
1-0: SINGLE (Groundball, 6MD, EV 100.6 MPH) (infield hit)
Ryohei Nakano scores
Bottom of the 12th over - 1 run, 2 hits, 0 errors, 1 left on base; Hudson Valley 4 - Connecticut 5
Tuesday, March 28th , 2023 - OOTP Baseball 23.10 Build 110